 Dungeon Crawl Stone Soup version 0.23-a0-422-g30b1108d6a (webtiles) character file.

1960 Qrupt the Geomancer (level 9, -12/60 HPs)
             Began as a Gargoyle Earth Elementalist on Nov 15, 2018.
             Mangled by Harold
             ... wielding a +0 scimitar
              (18 damage)
             ... on level 7 of the Dungeon.
             The game lasted 00:17:37 (6547 turns).

Qrupt the Geomancer (Gargoyle Earth Elementalist)   Turns: 6547, Time: 00:17:37

Health: -12/60     AC: 11    Str: 10 (11) XL:     9   Next: 19%
Magic:  14/14      EV: 12    Int: 18 (20) God:
Gold:   311        SH:  0    Dex:  9 (10) Spells: 4/15 levels left

rFire    . . .     SeeInvis .   s - +1 scythe (venom)
rCold    . . .     Gourm    .   (shield currently unavailable)
rNeg     + . .     Faith    .   c - +0 robe
rPois    ∞         Spirit   .   m - +1 helmet
rElec    +         Reflect  .   (no cloak)
rCorr    .         Harm     .   i - +0 pair of gloves
MR       .....                  (no boots)
Stlth    ++........             (no amulet)
HPRegen  0.20/turn              l - ring of wizardry
MPRegen  0.14/turn              t - +3 ring of slaying

@: about to teleport
A: negative energy resistance 1, electricity resistance, unbreathing,
petrification resistance, rot immunity, AC +6
a: no special abilities


You were on level 7 of the Dungeon.
You were hungry.

You visited 1 branch of the dungeon, and saw 7 of its levels.
You also visited: Ossuary.

You collected 311 gold pieces.

Inventory:

Hand Weapons
 g - a +0 club
 h - a +0 whip
 q - a +0 blowgun
 s - a +1 scythe of venom (weapon)
Missiles
 b - 195 stones (quivered)
 f - 35 poisoned needles
Armour
 c - a +0 robe (worn)
 i - a +0 pair of gloves (worn)
 m - a +1 helmet (worn)
Jewellery
 l - a ring of wizardry (left hand)
 t - a +3 ring of slaying (right hand)
 v - an uncursed ring of protection from cold {unknown}
 w - an uncursed amulet of the acrobat {unknown}
Wands
 x - a wand of digging (5)
Scrolls
 e - 2 scrolls of remove curse
 k - 4 scrolls of teleportation
 n - a scroll of enchant armour
 p - a scroll of immolation
 r - 4 scrolls of identify
 y - a scroll of fear {unknown}
 A - a scroll of fog {unknown}
 C - a scroll of magic mapping {unknown}
 D - a scroll of amnesia {unknown}
Potions
 a - 4 potions of lignification
 j - 2 potions of degeneration
 o - a potion of might {unknown}
 u - 2 potions of agility {unknown}
 z - a potion of ambrosia {unknown}
 B - a potion of magic {unknown}
 E - a potion of berserk rage {unknown}
 F - a potion of flight {unknown}
 G - a potion of cancellation {unknown}
 H - a potion of heal wounds {unknown}
Comestibles
 d - 4 rations


   Skills:
 + Level 8.5 Fighting
 - Level 1.5 Dodging
 - Level 2.1 Stealth
 + Level 3.8 Spellcasting
 - Level 0.7 Transmutations
 + Level 10.1 Earth Magic


You had 4 spell levels left.
You knew the following spells:

 Your Spells              Type           Power        Failure   Level  Hunger
a - Sandblast             Erth           #####.       1%          1    None
b - Stone Arrow           Conj/Erth      ###...       2%          3    ###....
c - Passwall              Tmut/Erth      ###.....     1%          2    ##.....
d - Lee's Rapid Deconstr  Erth           #####.....   2%          5    ######.

Your spell library contained the following spells:

 Spells                   Type           Power        Failure   Level  Hunger
 Petrify                  Tmut/Erth      ###.....     6%          4    ####...
 Poison Arrow             Conj/Pois      #.........   100%        6    #######
 Chain Lightning          Conj/Air       #.........   100%        8    #######
 Lehudib's Crystal Spear  Conj/Erth      ###.......   100%        8    #######
 Fire Storm               Conj/Fire      #.........   100%        9    #######
 Glaciate                 Conj/Ice       #.........   100%        9    #######


Dungeon Overview and Level Annotations

Branches:
Dungeon (7/15)             Temple (0/1) D:7

Altars:
Ashenzari
Cheibriados
Dithmenos

Annotations:
D:5 2 runed doors, Shaidar's ghost, novice GnWz
D:7 Harold


Innate Abilities, Weirdness & Mutations

You are resistant to torment.
Your stone body is resilient. (AC +6)
You are immune to poison.
You resist negative energy. (rN+)
You are resistant to electric shocks. (rElec)
You can survive without breathing.
You are immune to petrification.
You are immune to rotting.


Message History

You barely resist. The bullfrog closely misses you.
The bullfrog hits you but does no damage.
The bullfrog misses you. Harold casts a spell at you.
The harpoon shot hits you!
* * * LOW HITPOINT WARNING * * *
You are yanked forward by the harpoon shot.
The bullfrog hits you but does no damage.
As you read the scroll of teleportation, it crumbles to dust.
You feel strangely unstable. The bullfrog completely misses you.
The bullfrog hits you but does no damage.
Harold hits you with a +0 scimitar.
* * * LOW HITPOINT WARNING * * *
The bullfrog closely misses you. The bullfrog barely misses you.
The jelly hits you but does no damage.
It was a potion of degeneration.
There was something very wrong with that liquid.
You feel weakened.
You feel dopey.
You feel clumsy.
The bullfrog barely misses you. x2; Harold hits you with a +0 scimitar!!
You die...

#..'...##.......$..
#..#..##..#...#...
#..#^##..##...# ##
#..###...#....# ..
#..##..#.#...... ..
##.#.........###.
#. #......5.#....
.. #....JF......# .
#....@@......# .#
#...†FF.##...# ..
#$......# .. . ..
#.......#
.).......# ..
.8........# #.Z
.⌠..###..#.# ###
#.# >.8. ##.#.. ..
#.. #. .J


You could see Harold, 3 bullfrogs, a jelly and a crimson imp.

Vanquished Creatures
  Sigmund (D:2)
  2 sky beasts (D:5)
  3 ogres
  2 elf zombies (Ossuary)
  A bullfrog (D:7)
  5 scorpions
  A howler monkey (D:6)
  A crimson imp (D:6)
  A centaur zombie (Ossuary)
  2 human zombies (Ossuary)
  An iron imp (D:5)
  An orc priest (D:5)
  An orc wizard (D:5)
  3 hounds
  A bullfrog skeleton (D:2)
  2 iguanas
  8 worker ants
  A big kobold zombie (Ossuary)
  A hound zombie (D:6)
  4 mummies
  2 howler monkey skeletons
  5 adders
  2 shadow imps
  4 adder zombies (Ossuary)
  An adder skeleton (D:2)
  2 worms
  3 dart slugs
  4 leopard geckos
  16 orcs
  2 ball pythons
  6 giant cockroaches
  2 gnoll zombies (Ossuary)
  14 goblins
  5 hobgoblins
  7 kobolds
  A quokka (D:4)
  3 bats
  7 frilled lizards
  3 goblin zombies (Ossuary)
  4 hobgoblin zombies (Ossuary)
  A jackal skeleton (D:4)
  4 jackal zombies (Ossuary)
  3 kobold zombies (Ossuary)
  An orc zombie (Ossuary)
  2 quokka skeletons
  4 quokka zombies (Ossuary)
  7 rats
  2 rat zombies (Ossuary)
159 creatures vanquished.

Notes
Turn   | Place    | Note
-------+----------+-------------------------------------------
     0 | D:1      | Qrupt the Gargoyle Earth Elementalist began the quest for
                  | the Orb.
     0 | D:1      | Reached XP level 1. HP: 10/10 MP: 3/3
   243 | D:1      | Reached skill level 1 in Fighting
   348 | D:1      | Reached skill level 4 in Earth Magic
   348 | D:1      | Reached XP level 2. HP: 13/16 MP: 0/5
   959 | D:1      | Reached XP level 3. HP: 21/21 MP: 4/6
  1083 | D:2      | Found a shadowy altar of Dithmenos.
  1235 | D:2      | Reached XP level 4. HP: 18/27 MP: 7/7
  1474 | D:2      | Reached skill level 5 in Earth Magic
  1682 | D:2      | Learned a level 3 spell: Stone Arrow
  1685 | D:2      | Learned a level 2 spell: Passwall
  1690 | D:2      | Reached XP level 5. HP: 32/32 MP: 4/8
  1708 | D:2      | Found a faded altar of an unknown god.
  1818 | D:2      | Found a shattered altar of Ashenzari.
  2218 | D:3      | Noticed Sigmund
  2533 | D:2      | Killed Sigmund
  2533 | D:2      | Reached skill level 6 in Earth Magic
  2533 | D:2      | Reached XP level 6. HP: 14/39 MP: 0/9
  3019 | D:4      | Reached skill level 5 in Fighting
  3052 | D:4      | Reached skill level 7 in Earth Magic
  3052 | D:4      | Reached XP level 7. HP: 19/44 MP: 10/10
  3958 | D:4      | Reached skill level 8 in Earth Magic
  4159 | D:5      | Entered Level 5 of the Dungeon
  4182 | D:4      | Reached XP level 8. HP: 41/52 MP: 11/11
  4250 | D:4      | Learned a level 5 spell: Lee's Rapid Deconstruction
  4344 | D:5      | Found a runed door.
  4523 | D:5      | Found a snail-covered altar of Cheibriados.
  4666 | D:5      | Reached skill level 9 in Earth Magic
  4881 | D:5      | Noticed Shaidar's ghost (novice GnWz)
  4939 | D:5      | Found a runed door.
  5818 | D:7      | Noticed Harold
  6029 | D:7      | Found a sand-covered staircase.
  6058 | Ossuary  | Entered an ossuary
  6227 | Ossuary  | Reached XP level 9. HP: 40/59 MP: 13/13
  6429 | Ossuary  | Reached skill level 10 in Earth Magic
  6531 | D:7      | Found a staircase to the Ecumenical Temple.
  6547 | D:7      | Mangled by Harold

Vault maps used:
D:1:      dpeg_arrival_tiny_i
D:2:      lemuel_doored_altar, chequers_ecumenical_altar_simple_redux,
          nicolae_dithmenos_through_a_glass_darkly
D:3:      uniq_sigmund
D:4:      first_ration
D:5:      ebering_ghost_sewer_f, chei_slow_surprise
D:6:      interstate_on_off
D:7:      hangedman_cross_stitches, lemuel_coloured_pillars_altar,
          minmay_temple_entry_statues_fountains, gup_ossuary_entry_pyramid,
          uniq_harold
Ossuary:  minmay_ossuary_two_tombs

Skill      XL: |  1  2  3  4  5  6  7  8  9 |
---------------+----------------------------+-----
Fighting       | 1 2 3 4 5 6 8 |  8.5
Earth Magic    | 4 5 6 7 8 9 10 | 10.1
Spellcasting   | 3 |  3.8
Dodging        | |  1.5
Stealth        | |  2.1
Transmutations | |  0.7

Action                   |  1- 3 |  4- 6 |  7- 9 || total
-------------------------+-------+-------+-------++-------
Melee: Unarmed           |    57 |       |       ||    57
       Whip              |    56 |   147 |       ||   203
       Scythe            |       |    22 |   261 ||   283
 Cast: Sandblast         |    19 |     5 |    19 ||    43
       Stone Arrow       |       |     2 |     1 ||     3
       Lee's Rapid Decon |       |       |     4 ||     4
  Use: Potion            |       |     1 |     1 ||     2
       Scroll            |       |       |     7 ||     7
 Stab: Sleeping          |     5 |     1 |     5 ||    11
  Eat: Chunk             |     1 |     4 |     9 ||    14
       Ration            |       |     1 |     1 ||     2
Armor: Robe              |    35 |    69 |   192 ||   296
       Skin              |       |     1 |       ||     1
Dodge: Dodged            |    84 |   121 |   247 ||   452

Table legend:
 A = Non-vault XP
 B = Vault XP
 C = Vault XP percentage of total XP
 D = Non-vault monster count
 E = Vault monster count
 F = Vault count percentage of total count
                 A         B        C        D         E       F
            +---------+---------+-------+---------+---------+-------
      Total |    1921 |     879 |  31.4 |     117 |      42 |  26.4
            +---------+---------+-------+---------+---------+-------
        D:1 |      34 |       0 |   0.0 |      19 |       0 |   0.0
        D:2 |     162 |     223 |  57.9 |      26 |       1 |   3.7
        D:3 |     104 |       0 |   0.0 |      18 |       0 |   0.0
        D:4 |     662 |       0 |   0.0 |      24 |       0 |   0.0
        D:5 |     461 |      44 |   8.7 |      15 |       1 |   6.2
        D:6 |     345 |      55 |  13.8 |       9 |       1 |  10.0
        D:7 |     153 |     105 |  40.7 |       6 |       3 |  33.3
    Ossuary |       0 |     452 | 100.0 |       0 |      36 | 100.0
            +---------+---------+-------+---------+---------+-------
